 Dungeon Crawl Stone Soup version 0.25.1-2-g60ff931df9 (webtiles) character file.

Game seed: 13645939239043525479

676 DogServant the Covert (level 7, -2/46 HPs)
             Began as a Vampire Enchanter on Oct 14, 2020.
             Slain by a water moccasin (9 damage)
             ... on level 6 of the Dungeon.
             The game lasted 00:07:46 (4565 turns).

DogServant the Covert (Vampire Enchanter)           Turns: 4565, Time: 00:07:46

Health: -2/46      AC:  4    Str:  7    XL:     7   Next: 33%
Magic:  8/10       EV: 14    Int: 18    God:
Gold:   122        SH:  0    Dex: 16    Spells: 4/10 levels left

rFire    + . .     SeeInvis +   a - +2 long sword of Division {vorpal, rF+ rC+ rN+}
rCold    + . .     Gourm    .   (no shield)
rNeg     + . .     Faith    .   k - -1 leather armour (curse)
rPois    .         Spirit   .   (no helmet)
rElec    .         Reflect  .   (no cloak)
rCorr    .         Harm     .   i - +1 pair of gloves
MR       .....                  (no boots)
Stlth    ++++......             (no amulet)
HPRegen  0.35/turn              (no ring)
MPRegen  0.12/turn              (no ring)

@: regenerating quickly
A: no food, fangs 3, see invisible, unbreathing
a: Exsanguinate


You were on level 6 of the Dungeon.
You were alive.

You visited 1 branch of the dungeon, and saw 6 of its levels.

You collected 122 gold pieces.

Inventory:

Hand Weapons
 a - the +2 long sword of Division (weapon) {vorpal, rF+ rC+ rN+}
   (You found it on level 4 of the Dungeon)

   It inflicts extra damage upon your enemies.
   It protects you from fire.
   It protects you from cold.
   It protects you from negative energy.
 r - a +3 dagger
Armour
 b - a +0 robe
 i - a +1 pair of gloves (worn)
 k - a cursed -1 leather armour (worn)
Jewellery
 c - an uncursed amulet of faith
Wands
 q - a wand of flame (10)
 v - a wand of random effects (18)
Scrolls
 f - a scroll of blinking
 g - 4 scrolls of teleportation
 o - 6 scrolls of identify
 p - 5 scrolls of amnesia
 s - a scroll of remove curse {unknown}
Potions
 d - a potion of might {unknown}
 e - 7 potions of curing
 h - 2 potions of degeneration {unknown}
 j - a potion of cancellation {unknown}
 l - 2 potions of resistance {unknown}
 m - a potion of invisibility {unknown}
 n - a potion of brilliance {unknown}
 t - 2 potions of mutation {unknown}
 u - a potion of ambrosia {unknown}


   Skills:
 - Level 3.0 Short Blades
 + Level 4.5 Dodging
 + Level 8.5 Stealth
 - Level 2.0 Spellcasting
 + Level 8.0 Hexes


You had 4 spell levels left.
You knew the following spells:

 Your Spells              Type           Power        Failure   Level  Hunger
a - Corona                Hex            ####...      1%          1    N/A
b - Ensorcelled Hibernat  Hex/Ice        ###...       8%          2    N/A
c - Confusing Touch       Hex            ####....     3%          3    N/A

Your spell library contained the following spells:

 Spells                   Type           Power        Failure   Level  Hunger
 Tukima's Dance           Hex            ####....     3%          3    N/A
 Dazzling Flash           Conj/Hex       ###...       16%         3    N/A

Dungeon Overview and Level Annotations

Branches:
Dungeon (6/15)
 Temple: D:4-7

Altars:
Dithmenos
Fedhas
Yredelemnul

Annotations:
D:5 Ijyb, Sigmund


Innate Abilities, Weirdness & Mutations

You do not eat.
Your natural rate of healing is unusually fast.
You have razor-sharp teeth.
You have supernaturally acute eyesight. (SInv)
You can survive without breathing.


Message History

* * * LOW HITPOINT WARNING * * *
You feel sick. The water moccasin barely misses you.
The water moccasin bites you.
* * * LOW HITPOINT WARNING * * *
Unknown command.
You closely miss the water moccasin.
The water moccasin is almost dead.
* * * LOW HITPOINT WARNING * * *
You feel sick. The water moccasin misses you.
You riposte.
You miss the water moccasin.
The water moccasin is almost dead.
The water moccasin misses you.
You barely miss the water moccasin. Your bite misses the water moccasin.
The water moccasin is almost dead.
* * * LOW HITPOINT WARNING * * *
You feel sick. The water moccasin bites you.
* * * LOW HITPOINT WARNING * * *
Unknown command.
You feel better. The water moccasin bites you!
You die...

########
##.....$##
##........###.
##....../......
............####
.......S........
#.....@.....#
#......)...##
##........##
#......<.#
#..........#
#......<...#
............#
.#..........#
#..........#


You could see a water moccasin.

Vanquished Creatures
  An ogre (D:4)
  A scorpion (D:4)
  A howler monkey (D:4)
  A crimson imp (D:5)
  A bullfrog skeleton (D:4)
  3 orc wizards
  A hound (D:4)
  3 worker ants (D:4)
  3 gnolls (D:5)
  8 adders
  2 river rats (D:4)
  An ooze (D:2)
  5 worms
  A dart slug (D:3)
  6 leopard geckos
  10 orcs
  7 giant cockroaches
  9 goblins
  5 hobgoblins
  14 jackals
  3 ball pythons
  6 bats
  A frilled lizard (D:4)
  A jackal skeleton (D:5)
  6 kobolds
  8 rats
108 creatures vanquished.

Notes
Turn   | Place    | Note
-------+----------+-------------------------------------------
     0 | D:1      | DogServant the Vampire Enchanter began the quest for the
                  | Orb.
     0 | D:1      | Reached XP level 1. HP: 13/13 MP: 3/3
   208 | D:1      | Reached XP level 2. HP: 15/19 MP: 5/5
   317 | D:1      | Reached skill level 5 in Stealth
   392 | D:1      | Learned a level 2 spell: Ensorcelled Hibernation
   454 | D:1      | Reached skill level 5 in Hexes
   723 | D:1      | Reached XP level 3. HP: 6/24 MP: 3/6
  1416 | D:2      | Reached XP level 4. HP: 5/30 MP: 2/7
  2640 | D:3      | Learned a level 3 spell: Confusing Touch
  2800 | D:3      | Reached XP level 5. HP: 28/35 MP: 4/8
  3182 | D:4      | Reached XP level 6. HP: 41/41 MP: 9/9
  3366 | D:4      | Found a blossoming altar of Fedhas.
  3368 | D:4      | Found a basalt altar of Yredelemnul.
  3616 | D:4      | Reached XP level 7. HP: 44/46 MP: 7/10
  3943 | D:4      | Got a shimmering long sword
  3944 | D:4      | Identified the +2 long sword of Division {vorpal, rF+ rC+
                  | rN+} (You found it on level 4 of the Dungeon)
  4077 | D:4      | Found a shadowy altar of Dithmenos.
  4137 | D:5      | Entered Level 5 of the Dungeon
  4525 | D:5      | Noticed Sigmund
  4525 | D:5      | Noticed Ijyb
  4564 | D:6      | HP: 2/46 [water moccasin (4)]
  4565 | D:6      | Slain by a water moccasin

Illustrated notes

Levels and vault maps discovered:
D:1:      minmay_arrival_checkered_box, layout_loops_ring,
          chequers_serial_rivers_micro_a
D:2:      layout_basic, st_stairs_7
D:3:      layout_basic, minmay_misc_feat_five
D:4:      layout_basic, nicolae_overflow_hidden_temple, gup_sewer_entry_spiral,
          st_stairs_4, columned_hall_lemuel, minmay_between
D:5:      layout_basic, first_ration, uniq_sigmund, uniq_ijyb
D:6:      layout_rooms, minmay_temple_entry_poolview, basic_altar

Skill      XL: |  1  2  3  4  5  6  7 |
---------------+----------------------+-----
Stealth        | 5 6 7 8 |  8.5
Short Blades   | 2 3 |  3.0
Hexes          | 5 6 7 8 |  8.0
Dodging        | 3 4 |  4.5
Spellcasting   | |  2.0

Action                   |  1- 3 |  4- 6 |  7- 9 || total
-------------------------+-------+-------+-------++-------
Melee: Dagger            |   144 |   257 |    40 ||   441
       Bite              |    10 |    24 |    11 ||    45
       Long sword        |       |       |    57 ||    57
 Cast: Corona            |    15 |    14 |     1 ||    30
       Ensorcelled Hiber |     3 |     1 |     1 ||     5
       Confusing Touch   |       |    11 |       ||    11
  Use: Scroll            |     4 |     3 |       ||     7
       Potion            |       |       |     1 ||     1
 Stab: Sleeping          |     9 |    10 |     4 ||    23
       Confused          |       |    10 |       ||    10
       Distracted        |       |     2 |       ||     2
Armor: Robe              |    11 |       |       ||    11
       Leather armour    |    12 |    51 |    17 ||    80
Dodge: Dodged            |    94 |   137 |    58 ||   289
       Rpst.: Long sword |       |       |    13 ||    13
